 Dungeon Crawl Stone Soup version 0.27.0-1-g7a089689b8 (webtiles) character file.

Game seed: 3569510625203542007

501 Descartes the Blocker (level 7, -1/52 HPs)
             Began as a Formicid Fighter on Aug 14, 2021.
             Slain by Spawny's ghost (11 damage)
             ... on level 4 of the Dungeon.
             The game lasted 00:08:44 (4910 turns).

Descartes the Blocker (Formicid Fighter)            Turns: 4910, Time: 00:08:45

Health: -1/52      AC:  8    Str: 27    XL:     7   Next: 40%
Magic:  7/7        EV: 10    Int:  7    God:
Gold:   159        SH: 12    Dex: 12    Spells: 6/6 levels left

rFire    . . .     SeeInvis +   b - +4 whip (venom)
rCold    . . .     Faith    .   c - +0 kite shield
rNeg     . . .     Spirit   .   x - +0 scale mail
rPois    .         Reflect  .   (helmet unavailable)
rElec    .         Harm     .   m - +0 cloak
rCorr    .         Rampage  .   (no gloves)
Will     .....                  (no boots)
Stlth    ..........             (no amulet)
HPRegen  0.17/turn              h - +6 ring of strength
MPRegen  0.10/turn              (no ring)

@: no status effects
A: permanent stasis, dig shafts and tunnels, antennae 3, four strong arms
a: Dig, Shaft Self


You were on level 4 of the Dungeon.
You visited 2 branches of the dungeon, and saw 5 of its levels.
You also visited: Sewer.

You collected 159 gold pieces.

Inventory:

Hand Weapons
 a - a +1 hand crossbow of flaming
 b - a +4 whip of venom (weapon)
 u - a +2 short sword of protection
 v - a +0 war axe
Missiles
 f - 55 stones
 g - 43 sling bullets
 i - 62 bolts
 p - 3 javelins
 q - 10 poisoned darts
 C - 3 boomerangs
Armour
 c - a +0 kite shield (worn)
 m - a +0 cloak (worn)
 x - a +0 scale mail (worn)
Jewellery
 h - a +6 ring of strength (left hand)
Scrolls
 e - 3 scrolls of amnesia {unknown}
 j - 2 scrolls of magic mapping {unknown}
 k - a scroll of torment {unknown}
 o - a scroll of vulnerability {unknown}
 w - 2 scrolls of identify {unknown}
 y - a scroll of blinking {unknown}
 A - a scroll of enchant armour {unknown}
 B - a scroll of fear {unknown}
Potions
 d - 3 potions of might
 l - a potion of flight {unknown}
 n - a potion of curing {unknown}
 r - a potion of invisibility {unknown}
 s - 3 potions of haste {unknown}
 t - 2 potions of heal wounds {unknown}
 z - 2 potions of cancellation {unknown}
 D - a potion of magic {unknown}


   Skills:
 - Level 3.2 Fighting
 - Level 2.0(2.5) Axes
 + Level 2.4(2.8) Maces & Flails
 - Level 3.2 Armour
 - Level 9.0 Shields


You had 6 spell levels left.
You didn't know any spells.
Your spell library contained the following spells:

 Spells                   Type           Power      Damage    Failure   Level
 Ignite Poison            Fire/Tmut/Pois 0%         N/A       97%         3
 Mephitic Cloud           Conj/Pois/Air  0%         N/A       97%         3
 Bolt of Magma            Conj/Fire/Erth 0%         4d4       100%        5


Dungeon Overview and Level Annotations

Branches:
Dungeon (4/15)             Temple (1/1) D:4           Sewer (visited)

Altars:
Ashenzari
Cheibriados
Dithmenos
Elyvilon
Hepliaklqana
Kikubaaqudgha
Nemelex Xobeh
Qazlal
Sif Muna
Vehumet
Yredelemnul
Zin
The Shining One

Annotations:
D:4 Spawny's ghost, novice DjFE


Innate Abilities, Weirdness & Mutations

You cannot be hasted, slowed, berserked, paralysed or teleported.
You can dig through walls and to a lower floor.
You have a pair of large antennae on your head. (SInv)
Your four strong arms can wield two-handed weapons with a shield.


Message History

You closely miss Spawny's ghost.
You are covered in liquid flames!
Spawny's ghost sprays you with burning goo.
The sticky flame hits you.
You are covered in liquid flames!
You hit Spawny's ghost.
Spawny's ghost is lightly damaged.
You are covered in liquid flames!
Spawny's ghost completely misses you.
You whack Spawny's ghost!
Spawny's ghost is moderately damaged.
You are covered in liquid flames!
Spawny's ghost proudly claims, "A renegade god deserves renegade ghosts."
You block Spawny's ghost's attack.
You hit Spawny's ghost.
Spawny's ghost is heavily damaged.
You are covered in liquid flames!
You block Spawny's ghost's attack.
You are too injured to fight recklessly!
You are too injured to fight recklessly!
You are too injured to fight recklessly!
You hit Spawny's ghost.
Spawny's ghost is heavily damaged.
You are covered in liquid flames!
Spawny's ghost hits you!
You closely miss Spawny's ghost.
Spawny's ghost is heavily damaged.
Spawny's ghost hits you but does no damage.
You hit Spawny's ghost but do no damage.
Spawny's ghost is heavily damaged.
You block Spawny's ghost's attack.
Unknown command.
You barely miss Spawny's ghost.
Spawny's ghost is heavily damaged.
Spawny's ghost hits you.
* * * LOW HITPOINT WARNING * * *
You barely miss Spawny's ghost.
Spawny's ghost is heavily damaged.
Spawny's ghost hits you!
You die...

... ###...... # ....
..#........
....#####.#.....#..
.................
#........#....#
#..=.....#....# .P
####>.......#..†.# .....
...........##....#......
....##@##............§≈
..{ #.W.#....).......§≈
#.≈.##...##########
#.≈.#.....# #.≈
#.≈.##....# ###.^
#.(.##.<..## #....
#####.#....# #....
...#...†# #.... ....
#....# #....


You could see Spawny's ghost.

Vanquished Creatures
  2 kobold brigands (Sewer)
  A scorpion (D:4)
  2 orc priests (D:4)
  An orc wizard (D:4)
  3 gnolls
  3 adders
  6 river rats (Sewer)
  5 worms
  5 orcs
  6 endoplasms
  5 giant cockroaches
  3 goblins
  4 hobgoblins
  10 jackals
  21 kobolds
  2 quokkas (D:3)
  8 ball pythons
  5 bats
  4 frilled lizards
  22 rats
118 creatures vanquished.

Vanquished Creatures (others)
  3 fungi (D:4)
  2 plants (D:4)
5 creatures vanquished.

Grand Total: 123 creatures vanquished

Notes
Turn   | Place    | Note
-------+----------+-------------------------------------------
     0 | D:1      | Descartes the Formicid Fighter began the quest for the Orb.
     0 | D:1      | Reached XP level 1. HP: 18/18 MP: 1/1
    55 | D:1      | Reached skill level 4 in Shields
    74 | D:1      | Reached XP level 2. HP: 17/24 MP: 2/2
   282 | D:1      | Found a faded altar of an unknown god.
   631 | D:1      | Reached XP level 3. HP: 26/29 MP: 3/3
  1050 | D:2      | Reached skill level 5 in Shields
  1959 | D:3      | Reached XP level 4. HP: 29/35 MP: 4/4
  2042 | D:3      | Found a glowing drain.
  2064 | Sewer    | Entered a sewer
  2227 | Sewer    | Reached skill level 6 in Shields
  2347 | Sewer    | Noticed a kobold brigand
  2357 | Sewer    | Killed a kobold brigand
  2358 | Sewer    | Reached skill level 7 in Shields
  2358 | Sewer    | Reached XP level 5. HP: 18/41 MP: 5/5
  2746 | Sewer    | Reached XP level 6. HP: 43/47 MP: 6/6
  2947 | Sewer    | Reached skill level 8 in Shields
  4042 | D:4      | Found a staircase to the Ecumenical Temple.
  4339 | Temple   | Entered the Ecumenical Temple
  4579 | Temple   | Reached XP level 7. HP: 52/52 MP: 7/7
  4595 | D:4      | Reached skill level 9 in Shields
  4613 | D:4      | Reached skill level 1 in Maces & Flails
  4729 | D:4      | Found a white marble altar of Elyvilon.
  4860 | D:4      | Found a stormy altar of Qazlal.
  4895 | D:4      | Found a runed translucent door.
  4896 | D:4      | Noticed Spawny's ghost (novice DjFE)
  4910 | D:4      | Slain by Spawny's ghost

Illustrated notes

Levels and vault maps discovered:
D:1:      elethiomel_arrival_quiet, layout_basic, basic_ecumenical_altar,
          chequers_garden, minmay_tripent
D:2:      kennysheep_big_flooded_room, layout_basic
D:3:      layout_basic, cheibrodos_sewer_entry_bend
D:4:      wad_crossroads, layout_basic, grunt_temple_overflow_forces_of_nature,
          elyvilon_altar_5, minmay_overflow_temple_hex,
          minmay_temple_entry_drinking_statues, ebering_ghost_reflecting_pool,
          minivault_4
Temple:   minmay_temple_curvy_loop

Skill      XL: |  1  2  3  4  5  6  7 |
---------------+----------------------+-----
Shields        | 4 5 7 8 9 |  9.0
Maces & Flails | 2 |  2.4
Fighting       | |  3.2
Axes           | |  2.0
Armour         | |  3.2

Action                   |  1- 3 |  4- 6 |  7- 9 || total
-------------------------+-------+-------+-------++-------
Melee: War axe           |   117 |   116 |       ||   233
       Whip              |       |    35 |    69 ||   104
 Abil: Dig               |       |     3 |       ||     3
 Stab: Distracted        |       |     1 |       ||     1
Armor: Scale mail        |    60 |    45 |    18 ||   123
Dodge: Dodged            |    45 |    45 |    16 ||   106
Block: Kite shield       |    85 |   111 |    39 ||   235
